 Dungeon Crawl Stone Soup version 0.22-a0-525-gf69a080 (webtiles) character file.

55 iamserjio the Caller (level 3, -3/24 HPs)
             Began as a Mummy Summoner on June 20, 2018.
             Slain by an orc
             ... wielding a +0 flail
              (11 damage)
             ... on level 2 of the Dungeon.
             The game lasted 00:04:49 (1637 turns).

iamserjio the Caller (Mummy Summoner)               Turns: 1637, Time: 00:04:50

Health: -3/24      AC:  2    Str: 12    XL:     3   Next: 67%
Magic:  3/7        EV: 12    Int: 14    God:
Gold:   65         SH:  0    Dex: 12    Spells: 7/8 levels left

rFire    x . .     SeeInvis .   c - +0 spear
rCold    + . .     Gourm    .   (no shield)
rNeg     + + +     Faith    .   a - +0 robe
rPois    ∞         Spirit   .   (no helmet)
rElec    .         Reflect  .   (no cloak)
rCorr    .         Harm     .   (no gloves)
MR       .....                  (no boots)
Stlth    ++........             (no amulet)
HPRegen  0.08/turn              (no ring)
MPRegen  0.10/turn              (no ring)

@: no status effects
A: no food or potions, fire vulnerability, cold resistance 1, negative energy
resistance 3, torment resistance, unbreathing
a: no special abilities


You were on level 2 of the Dungeon.
You were not hungry.

You visited 1 branch of the dungeon, and saw 2 of its levels.

You collected 65 gold pieces.

Inventory:

Hand Weapons
 c - a +0 spear (weapon)
Missiles
 d - 63 stones (quivered)
 h - 3 needles of sleeping {!f}
Armour
 a - a +0 robe (worn)
 j - a +1 leather armour of cold resistance
Scrolls
 b - 2 scrolls of magic mapping {unknown}
 e - a scroll of teleportation {unknown}
 f - a scroll of remove curse {unknown}
 g - a scroll of enchant armour {unknown}
 i - 2 scrolls of identify {unknown}


   Skills:
 * Level 2.1 Polearms
 - Level 1.5 Dodging
 - Level 1.5 Stealth
 - Level 3.0 Spellcasting
 + Level 3.6 Summonings


You had 7 spell levels left.
You knew the following spells:

 Your Spells              Type           Power        Failure   Level  Hunger
a - Summon Small Mammal   Summ           ##..         4%          1    N/A

Your spell library contained the following spells:

 Spells                   Type           Power        Failure   Level  Hunger
 Summon Ice Beast         Ice/Summ       #.......     71%         4    N/A
 Call Imp                 Summ           ##......     8%          2    N/A
 Call Canine Familiar     Summ           ##......     14%         3    N/A
 Summon Lightning Spire   Summ/Air       #.......     71%         4    N/A
 Summon Guardian Golem    Hex/Summ       #.......     30%         3    N/A

Dungeon Overview and Level Annotations

Branches:
Dungeon (2/15)

Altars:
Ashenzari


Innate Abilities, Weirdness & Mutations

You do not eat or drink.
Your flesh is vulnerable to fire.
You are immune to poison.
Your flesh is cold resistant. (rC+)
You are immune to negative energy. (rN+++)
You are immune to unholy pain and torment.
You can survive without breathing.


Message History

Your rat completely misses the orc.
You swap places.
Your rat bites the orc but does no damage.
The orc hits your rat with a flail!
Your rat dies!
Your rat's corpse disappears in a puff of smoke!
Attack whom?
Press: ? - help, Dir - move target cursor, f/p - orc
Aim: an orc, wielding a flail and wearing a leather armour (moderately wounded, fast)
You reach to attack!
You hit the orc but do no damage.
The orc is moderately wounded.
Your rat barely misses the orc.
The orc closely misses you.
Casting: Summon Small Mammal (safe; 4% risk of failure)
Confirm with . or Enter, or press ? or * to list all spells.
The orc barely misses you.
Casting: Summon Small Mammal (safe; 4% risk of failure)
Confirm with . or Enter, or press ? or * to list all spells.
The orc hits you with a flail!
You die...

.# #.... .# .# #..#
#.#....
.###..######.#...#
.............#...#
.###..#..........####
........#.<.........
.###..###......(b#.# ##
#..# #.......b#.# # #...
........@..# #
#.####....####o.#
####.........#..)#..# #
...# ........#.r.#....#
##.##.##..####.(.###..#
.......#..#⌠.##'##.⌠#..#
.....#....#.........#....
##.#...####........## .#.
##.##..#...#.......#.. #


You could see an orc and 2 friendly bats.

Vanquished Creatures
  An adder (D:2)
  2 dart slugs (D:1)
  A leopard gecko (D:2)
  An orc (D:2)
  4 goblins
  4 hobgoblins
  8 frilled lizards
  A kobold (D:1)
  A rat (D:1)
23 creatures vanquished.

Vanquished Creatures (collateral kills)
  2 dart slugs (D:1)
  A worm (D:2)
  A leopard gecko (D:2)
  3 orcs (D:2)
  A giant cockroach (D:2)
  A ball python (D:1)
  3 bats
  A rat (D:2)
13 creatures vanquished.

Grand Total: 36 creatures vanquished

Notes
Turn   | Place    | Note
-------+----------+-------------------------------------------
     0 | D:1      | iamserjio the Mummy Summoner began the quest for the Orb.
     0 | D:1      | Reached XP level 1. HP: 13/13 MP: 4/4
   517 | D:1      | Reached XP level 2. HP: 19/19 MP: 2/5
   522 | D:1      | Reached skill level 1 in Polearms
  1354 | D:2      | Reached XP level 3. HP: 20/24 MP: 3/7
  1402 | D:2      | Found a shattered altar of Ashenzari.
  1637 | D:2      | Slain by an orc

Vault maps used:
D:1:      sevenhm_arrival_forest_fort_small_6
D:2:      evilmike_ruin_ashenzari

Skill      XL: |  1  2  3 |
---------------+----------+-----
Spellcasting   | 3 |  3.0
Polearms       | 1 2 |  2.1
Dodging        | |  1.5
Stealth        | |  1.5
Summonings     | |  3.6

Action                   || total
-------------------------++-------
Melee: Spear             ||   113
       Unarmed           ||     3
 Cast: Summon Small Mamm ||    26
 Stab: Sleeping          ||     2
       Distracted        ||     1
Armor: Robe              ||    11
Dodge: Dodged            ||    69

Table legend:
 A = Spawn XP
 B = Non-spawn XP
 C = Spawn XP percentage of total XP
 D = Spawn monster count
 E = Non-spawn monster count
 F = Spawn count percentage of total count
 G = Total turns spent on level
                    A         B        C        D         E        F      G
               +---------+---------+-------+---------+---------+-------+---------
         Total |       0 |      79 |   0.0 |       0 |      36 |   0.0 |  1637
               +---------+---------+-------+---------+---------+-------+---------
           D:1 |       0 |      35 |   0.0 |       0 |      21 |   0.0 |  1310
           D:2 |       0 |      44 |   0.0 |       0 |      15 |   0.0 |   327
               +---------+---------+-------+---------+---------+-------+---------
